 Dungeon Crawl Stone Soup version 1.0-4-g475eb36 (webtiles) character file.

265 BaronVonScrub the Conjurer (level 6, 0/36 HPs)
             Began as a Faerie Dragon Conjurer on July 25, 2018.
             Killed by divine providence
             ... invoked by an orc priest
              (9 damage)
             ... on level 4 of the Dungeon.
             The game lasted 00:08:04 (1962 turns).

BaronVonScrub the Conjurer (Faerie Dragon Conjurer) Turns: 1962, Time: 00:08:05

Health: 0/36       AC:  6    Str:  9 (11) XL:     6   Next: 20%
Magic:  12/12      EV: 15    Int: 18 (20) God:
Gold:   124        SH:  6    Dex: 11 (13) Spells: 4/13 levels left

rFire    . . .     SeeInvis .   a - +1 falchion
rCold    . . .     Gourm    .   (shield restricted)
rNeg     . . .     Faith    .   (armour unavailable)
rPois    .         Spirit   .   (helmet restricted)
rElec    .         Reflect  .   (no cloak)
rCorr    .         Harm     .   (no gloves)
MR       .....                  (no boots)
Stlth    +.........             (no amulet)
HPRegen  0.12/turn              (no ring)
MPRegen  0.13/turn              (no ring)

@: mighty, lethally poisoned (0 -> -5), flying
A: small, unfitting armour, magic attunement, magical scales, able to fly
a: Stop Flying


You were on level 4 of the Dungeon.
You were not hungry.

You visited 1 branch of the dungeon, and saw 4 of its levels.

You collected 124 gold pieces.

Inventory:

Hand Weapons
 a - a +1 falchion (weapon)
Scrolls
 e - 5 scrolls of remove curse
 f - 6 scrolls of identify
 h - 2 scrolls of teleportation
Potions
 d - a potion of curing {unknown}
 i - a potion of berserk rage {unknown}
Comestibles
 b - 3 rations
 g - 4 chunks of flesh


   Skills:
 + Level 2.7 Dodging
 - Level 1.0 Stealth
 + Level 4.4 Spellcasting
 + Level 7.2 Conjurations
 * Level 0.9 Summonings


You had 4 spell levels left.
You knew the following spells:

 Your Spells              Type           Power        Failure   Level  Hunger
a - Magic Dart            Conj           ####         1%          1    None
b - Searing Ray           Conj           ####..       1%          2    None
c - Iskenderun's Mystic   Conj           ####....     7%          4    None
d - Call Imp              Summ           #.......     14%         2    None

Your spell library contained the following spells:

 Spells                   Type           Power        Failure   Level  Hunger
 Conjure Flame            Conj/Fire      ###.....     10%         3    None
 Slow                     Hex            #.......     22%         2    None
 Mephitic Cloud           Conj/Pois/Air  ##......     16%         3    None
 Blink                    Tloc           N/A          22%         2    None
 Fulminant Prism          Conj/Hex       ###.......   32%         4    None
 Dazzling Spray           Conj/Hex       ###...       10%         3    None
 Force Lance              Conj/Tloc      ###.....     32%         4    None


Dungeon Overview and Level Annotations

Branches:
Dungeon (4/15)
 Temple: D:4-7

Altars:

Annotations:
D:4 Sigmund


Innate Abilities, Weirdness & Mutations

You cannot fit into any form of body armour.
You are small and have problems with some larger weapons.
Your spells do not cause hunger and MP costs are reduced by 1.
Your shimmering scales repel attacks. (AC +6, SH +6)
You can fly continuously.


Message History

Aiming: Magic Dart (safe; 1% risk of failure)
Press: ? - help, Shift-Dir - straight line, f/p - worker ant
Aim: a worker ant (severely wounded)
The magic dart hits the worker ant.
The worker ant is severely wounded.
You feel sick. You block the worker ant's attack.
Casting: Magic Dart (safe; 1% risk of failure)
Confirm with . or Enter, or press ? or * to list all spells.
Aiming: Magic Dart (safe; 1% risk of failure)
Press: ? - help, Shift-Dir - straight line, f/p - worker ant
Aim: a worker ant (severely wounded)
The magic dart hits the worker ant.
The worker ant is severely wounded.
The worker ant bites you.
* * * LOW HITPOINT WARNING * * *
You feel very mighty all of a sudden.
You feel sick. The worker ant misses you.
The orc priest calls down the wrath of Beogh upon you.
Beogh smites you!
You die...

#.. #.# ### ... ..#
# #.# #.# ##.###.#
#.#
.....#.###.###.# #
#....<......#
#.###.###.###.##..#
......oa@.# #.# #
....!.o#### #.#
####... ..# #...
.## #.#. . #.#. ..
# #@ #.


You could see a worker ant, an orc priest and an orc.

Vanquished Creatures
  A howler monkey (D:4)
  An orc wizard (D:2)
  7 gnolls
  4 adders (D:2)
  2 oozes (D:1)
  2 worms
  3 dart slugs
  2 leopard geckos
  3 orcs
  A ball python (D:1)
  9 bats
  6 giant cockroaches
  7 goblins
  8 hobgoblins
  2 jackals (D:3)
  3 quokkas
  3 frilled lizards
  2 kobolds
  5 rats
71 creatures vanquished.

Vanquished Creatures (others)
  4 toadstools (D:1)
4 creatures vanquished.

Grand Total: 75 creatures vanquished

Notes
Turn   | Place    | Note
-------+----------+-------------------------------------------
     0 | D:1      | BaronVonScrub the Faerie Dragon Conjurer began the quest for the Orb.
     0 | D:1      | Reached XP level 1. HP: 11/11 MP: 3/3
    37 | D:1      | Reached skill level 5 in Conjurations
   110 | D:1      | Reached XP level 2. HP: 17/17 MP: 3/5
   291 | D:1      | Reached XP level 3. HP: 21/21 MP: 7/7
   457 | D:1      | Reached skill level 6 in Conjurations
   701 | D:2      | Learned a level 2 spell: Searing Ray
   737 | D:2      | Reached XP level 4. HP: 27/27 MP: 8/8
   759 | D:2      | Learned a level 4 spell: Iskenderun's Mystic Blast
  1275 | D:2      | Reached XP level 5. HP: 31/31 MP: 10/10
  1333 | D:3      | Reached skill level 7 in Conjurations
  1354 | D:3      | Learned a level 2 spell: Call Imp
  1786 | D:3      | Reached XP level 6. HP: 36/36 MP: 12/12
  1957 | D:4      | Noticed Sigmund
  1962 | D:4      | Killed from afar by an orc priest

Skill      XL: |  1  2  3  4  5 |
---------------+----------------+-----
Conjurations   | 5 6 7 |  7.2
Spellcasting   | 3 4 |  4.4
Dodging        | |  2.7
Stealth        | |  1.0
Summonings     | |  0.9

Action                   |  1- 3 |  4- 6 || total
-------------------------+-------+-------++-------
 Cast: Magic Dart        |    59 |   107 ||   166
  Use: Scroll            |     1 |     5 ||     6
       Potion            |       |     3 ||     3
  Eat: Chunk             |       |     3 ||     3
Armor: Skin              |       |     4 ||     4
Dodge: Dodged            |     6 |    31 ||    37
Block: Other             |     2 |    22 ||    24
       Rpst.: Falchion   |       |     4 ||     4
